[Event "13th Palmanova Festival A 2024"]
[Site "Palmanova"]
[Date "2024.12.31"]
[Round "6.11"]
[White "Bouska, Jiri"]
[Black "Hovhannisyan, Mher"]
[Result "1/2-1/2"]
[ECO "C01"]
[WhiteElo "2267"]
[BlackElo "2397"]
[Annotator "TA"]
[PlyCount "107"]
[EventDate "2024.12.27"]
[EventCountry "ITA"]
[SourceTitle "playchess.com"]
[Source "ChessBase"]
[SourceQuality "1"]
[TimeControl "6000+30"]

1. e4 e6 2. d4 d5 3. exd5 exd5 4. Nf3 Nc6 5. Bd3 Nb4 6. Bb5+ c6 7. Ba4 Bd6 8. c3 Na6 9. Bc2 Ne7 10. O-O O-O 11. Bg5 f6 12. Bh4 Bf5 13. Re1 Qd7 14. Bg3 Bxc2 15. Qxc2 Nf5 16. Nbd2 Nxg3 17. hxg3 Rfe8 18. Nf1 Nc7 19. Ne3 Bf8 20. Re2 Nb5 21. Rae1 Nd6 22. Nd2 g6 23. b3 Ne4 24. Nxe4 Rxe4 25. f3 Ree8 26. Ng4 Kf7 27. Qd2 {[%emt 0:00:53] [#] Qf4 is the strong threat.} Rxe2 28. Rxe2 h5 29. Nf2 Re8 30. Rxe8 Qxe8 $11 {[%emt 0:01:15][%mdl 4096] Endgame. KQB-KQN} 31. Nd3 Qe6 32. Kf2 Qf5 33. Ke2 g5 34. Qe3 Bd6 35. Kf2 {[%emt 0:00:19] The position is equal.} a5 36. a4 b6 37. Qe2 Bc7 38. Qc2 {[%emt 0:00:52][%cal Od3e5] And now Ne5+! would win.} Kg7 39. Qe2 Kf8 40. b4 Bd6 41. Qe3 Kf7 42. bxa5 bxa5 43. Qe2 Qc8 44. Nc5 Bxc5 45. dxc5 {[%emt 0:00:00] KQ-KQ} Qf8 46. Qe3 Qe7 47. Qd4 Qe5 48. Qd3 Kg7 49. Kf1 Kh6 50. Qa6 Qxc3 {[%emt 0:00:20] [#] Threatens to win with ...Qc1+.} 51. Qxc6 Qa1+ 52. Kf2 Qd4+ 53. Kf1 Qa1+ 54. Kf2 {[%emt 0:00:00] A balanced but interesting game.   Weighted Error Value: White=0.03 (flawless) /Black=0.02 (flawless) .  OK:         	White=22    	Black=23     Best:        	White=1     	---} 1/2-1/2

[Event "13th Palmanova Festival A 2024"]
[Site "Palmanova"]
[Date "2024.12.31"]
[Round "6.12"]
[White "Maglioni, Leonardo"]
[Black "Domalchuk-Jonasson, Aleksandr"]
[Result "1/2-1/2"]
[ECO "C11"]
[WhiteElo "1971"]
[BlackElo "2377"]
[Annotator "TA"]
[PlyCount "99"]
[EventDate "2024.12.27"]
[EventCountry "ITA"]
[SourceTitle "playchess.com"]
[Source "ChessBase"]
[SourceQuality "1"]
[TimeControl "6000+30"]

1. e4 e6 2. d4 d5 3. Nc3 Nf6 4. e5 Nfd7 5. f4 c5 6. Nf3 Nc6 7. Be3 Qb6 8. Na4 Qa5+ 9. c3 c4 10. b4 Nxb4 11. cxb4 Bxb4+ 12. Kf2 b5 13. a3 Be7 14. Nc5 Nxc5 15. dxc5 Bd7 16. Be2 Qc7 17. Qd4 a5 {[%emt 0:10:26] [#]} 18. f5 $1 Rc8 (18... f6 19. fxe6) 19. f6 ({White should try} 19. c6 $16 Qxc6 20. Qg4) 19... gxf6 (19... Bxc5 $11 20. Qxc5 (20. fxg7 Rg8 $16) 20... Qxc5 21. Bxc5 Rxc5) 20. exf6 $16 Bxc5 21. Qxc5 Qxc5 22. Bxc5 Rxc5 {[%emt 0:00:02] [#] Black is weak on the dark squares} 23. Ke3 $1 Kd8 (23... h5 $16 24. Ne5 Rc7) 24. Kd4 $18 Rc7 25. Ne5 Be8 26. g4 Kc8 27. Rab1 Rb7 28. g5 b4 (28... Kc7 29. Ra1 Kd6) 29. axb4 axb4 30. Rhc1 Kb8 $2 {[%emt 0:01:42] [#]} (30... b3 {was called for.} 31. Ra1 Kb8) 31. Bxc4 $2 dxc4 $14 32. Rxc4 b3 33. Kc3 Rg8 34. h4 {[%emt 0:00:35] White has more active pieces.} (34. Rxb3 Rxg5 (34... Rxb3+ 35. Kxb3 Rxg5 36. Rg4 $17) 35. Rxb7+ Kxb7 $17) 34... h6 $1 35. Rxb3 (35. g6 {looks sharper.} fxg6 36. Rxb3 Rxb3+ 37. Kxb3 g5 38. f7) 35... Rxb3+ 36. Kxb3 {[%emt 0:00:01] aiming for Rc5.} hxg5 {[%emt 0:00:08][%mdl 4096] Endgame KRB-KRN. Black is a pawn up.} 37. Rg4 Kc7 38. Kc4 Kd6 39. Kd4 (39. Rxg5 $2 {loses.} Rxg5 40. Nf3 Rf5 $19) 39... Rh8 40. hxg5 Rh1 41. Rg3 Rh4+ 42. Rg4 Rh1 {[%emt 0:00:00] and ...Rd1+ should not be overlooked} 43. Nc4+ Kc6 44. Ke5 Re1+ 45. Re4 Rg1 46. Kf4 Rf1+ 47. Kg4 Rg1+ 48. Kf4 Rf1+ 49. Kg4 Rg1+ 50. Kf4 1/2-1/2

[Event "13th Palmanova Festival A 2024"]
[Site "Palmanova"]
[Date "2024.12.31"]
[Round "6.13"]
[White "Lekic, Dusan"]
[Black "Adharsh K"]
[Result "0-1"]
[ECO "E94"]
[WhiteElo "2287"]
[BlackElo "2235"]
[Annotator "NA RC"]
[PlyCount "112"]
[EventDate "2024.12.27"]
[EventCountry "ITA"]
[SourceTitle "playchess.com"]
[Source "ChessBase"]
[SourceQuality "1"]
[TimeControl "6000+30"]

1. d4 Nf6 2. c4 g6 3. Nc3 Bg7 4. e4 d6 5. Nf3 O-O 6. Be2 e5 7. O-O exd4 8. Nxd4 Re8 9. f3 c6 10. Kh1 Na6 11. Bg5 h6 12. Bh4 Nc5 13. Nb3 Nxb3 14. axb3 Be6 15. Qc2 g5 16. Bf2 Qc7 17. Rfd1 d5 18. exd5 cxd5 19. Nb5 Qe7 20. c5 a6 21. Nd4 Nd7 22. b4 Ne5 23. Bf1 Rac8 24. Nf5 Bxf5 25. Qxf5 Qe6 26. Qxe6 fxe6 27. b5 axb5 28. Bxb5 Nc6 29. Rab1 Red8 30. Bf1 Nb4 31. Be1 Nc2 32. Ba5 Rf8 33. b4 Ne3 34. Re1 Nxf1 35. Rxf1 Bc3 36. Bb6 e5 37. b5 d4 38. Rfd1 Kf7 39. Rd3 Ke6 40. Rc1 Ra8 41. h3 Ra3 42. c6 Rb3 43. Ba5 bxc6 44. bxc6 Rc8 45. c7 Ra3 46. Bxc3 Rxc7 47. Re1 dxc3 48. Rc1 h5 49. h4 gxh4 50. Kh2 Kf5 51. Re3 Rc4 52. Kh3 Rb3 53. Rc2 Kf4 54. Rce2 Rb1 55. Re4+ Rxe4 56. Rxe4+ Kf5 0-1

[Event "13th Palmanova Festival A 2024"]
[Site "Palmanova"]
[Date "2024.12.31"]
[Round "6.14"]
[White "Mazzini, Mauro"]
[Black "Kekic, Urban"]
[Result "1/2-1/2"]
[ECO "C49"]
[WhiteElo "2069"]
[BlackElo "2010"]
[Annotator "NA COMBH"]
[PlyCount "34"]
[EventDate "2024.12.27"]
[EventCountry "ITA"]
[SourceTitle "playchess.com"]
[Source "ChessBase"]
[SourceQuality "1"]
[TimeControl "6000+30"]

1. e4 e5 2. Nf3 Nf6 3. Nc3 Nc6 4. Bb5 Bb4 5. O-O O-O 6. d3 d6 7. Bg5 Ne7 8. a3 Bxc3 9. bxc3 Ng6 10. Nh4 h6 11. Nxg6 fxg6 12. Bc4+ Kh8 13. Bh4 Qe7 14. Bb3 Be6 15. f3 g5 16. Bg3 Nh5 17. d4 Nxg3 1/2-1/2